 Dungeon Crawl Stone Soup version 0.21.1-1-g345015f (webtiles) character file.

81 aMcNicky the Insei (level 4, -3/33 HPs)
             Began as a Merfolk Transmuter on Mar 13, 2018.
             Slain by a gnoll
             ... wielding a +0 spear
              (5 damage)
             ... on level 3 of the Dungeon.
             The game lasted 00:10:11 (2069 turns).

aMcNicky the Insei (Merfolk Transmuter)             Turns: 2069, Time: 00:10:12

Health: -3/33      AC:  2    Str: 10    XL:     4   Next: 40%
Magic:  3/7        EV: 13    Int: 13    God:
Gold:   194        SH:  0    Dex: 14    Spells: 1/7 levels left

rFire    . . .     SeeInvis .     - Unarmed
rCold    . . .     Gourm    .   (no shield)
rNeg     . . .     Faith    .   b - +0 robe
rPois    .         Spirit   .   (no helmet)
rElec    .         Reflect  .   (no cloak)
rCorr    .         Harm     .   (no gloves)
MR       .....                  (no boots)
Stlth    +.........             (no amulet)
HPRegen  0.11/turn              (no ring)
MPRegen  0.10/turn              (no ring)

@: very slightly contaminated
A: change form in water, swift swim, stealthy swim
a: no special abilities


You were on level 3 of the Dungeon.
You were not hungry.

You visited 1 branch of the dungeon, and saw 3 of its levels.

You collected 194 gold pieces.

Inventory:

Missiles
 a - 31 arrows (quivered)
Armour
 b - a +0 robe (worn)
 f - a +0 shield
Jewellery
 g - an uncursed ring of see invisible {unknown}
 o - a +3 ring of dexterity {unknown}
Scrolls
 e - a scroll of teleportation {unknown}
 h - a scroll of enchant armour {unknown}
 j - 3 scrolls of remove curse {unknown}
 n - a scroll of enchant weapon {unknown}
 p - a scroll of amnesia {unknown}
 q - a scroll of magic mapping {unknown}
 r - a scroll of random uselessness {unknown}
 t - a scroll of blinking {unknown}
 u - a scroll of identify {unknown}
Potions
 i - a potion of brilliance {unknown}
 k - a potion of heal wounds {unknown}
 l - 2 potions of curing {unknown}
 m - a potion of cancellation {unknown}
 s - a potion of might {unknown}
Books
 c - a book of Changes

   Spells                             Type                      Level
   a - Beastly Appendage              Transmutation                1
   b - Sticks to Snakes               Transmutation                2
   c - Spider Form                    Transmutation/Poison         3
   d - Ice Form                       Ice/Transmutation            4
   e - Blade Hands                    Transmutation                5
Comestibles
 d - 4 rations
 v - 3 chunks of flesh


   Skills:
 + Level 2.1 Fighting
 + Level 3.5 Dodging
 + Level 4.2 Unarmed Combat
 + Level 2.1 Spellcasting
 + Level 3.5 Transmutations


You had one spell level left.
You knew the following spells:

 Your Spells              Type           Power        Failure   Level  Hunger
a - Beastly Appendage     Tmut           ##....       6%          1    ##.....
b - Sticks to Snakes      Tmut           ##......     9%          2    ###....
c - Spider Form           Tmut/Pois      #.........   36%         3    ####...


Dungeon Overview and Level Annotations

Branches:
Dungeon (3/15)

Altars:
Cheibriados


Message History

The jackal barks!
Found 21 bolts.
The jackal barely misses you.
The jackal bites you but does no damage.
The jackal closely misses you.
The jackal bites you but does no damage.
You hit the jackal.
The jackal is moderately wounded.
The jackal bites you. The jackal barely misses you.
You barely miss the jackal.
The jackal is moderately wounded.
The orc wizard shouts!
The jackal barely misses you. The jackal closely misses you.
The gnoll closely misses you.
You hit the jackal.
You kill the jackal!
The jackal barely misses you. The orc hits you with a flail!
* * * LOW HITPOINT WARNING * * *
The gnoll hits you from afar with a spear.
You die...

. .### ...### .h
#...# ##. .... K.
#.## ..
#.<########.
.#####@hg........
.......o..g..##.#
.(.####.###g###(#
#.# #.# #.# ....#
#.###.# ..o##
#.g.).# ##.##
##g.### #...
#.o## ###.. ##).#


You could see an orc wizard, 3 gnolls, an orc and a jackal.

Vanquished Creatures
  A gnoll (D:3)
  A worm (D:2)
  A dart slug (D:2)
  3 leopard geckos
  An orc (D:3)
  2 bats (D:1)
  3 goblins
  6 hobgoblins
  6 jackals
  6 kobolds
  4 frilled lizards
  4 rats (D:1)
38 creatures vanquished.

Vanquished Creatures (collateral kills)
  Jessica (D:2)
  A leopard gecko (D:1)
  A hobgoblin (D:2)
3 creatures vanquished.

Grand Total: 41 creatures vanquished

Notes
Turn   | Place    | Note
-------+----------+-------------------------------------------
     0 | D:1      | aMcNicky the Merfolk Transmuter began the quest for the Orb.
     0 | D:1      | Reached XP level 1. HP: 15/15 MP: 3/3
   210 | D:1      | Reached XP level 2. HP: 11/21 MP: 1/5
   577 | D:1      | Learned a level 2 spell: Sticks to Snakes
  1194 | D:2      | Reached XP level 3. HP: 18/26 MP: 3/6
  1401 | D:2      | Found a snail-covered altar of Cheibriados.
  1525 | D:2      | Noticed Jessica
  1533 | D:2      | Killed Jessica
  1533 | D:2      | Reached skill level 4 in Unarmed Combat
  1546 | D:2      | Reached XP level 4. HP: 31/33 MP: 2/7
  1600 | D:2      | Learned a level 3 spell: Spider Form
  2069 | D:3      | Slain by a gnoll

Skill      XL: |  1  2  3 |
---------------+----------+-----
Dodging        | 3 |  3.5
Transmutations | 3 |  3.5
Fighting       | 2 |  2.1
Unarmed Combat | 4 |  4.2
Spellcasting   | |  2.1

Action                   |  1- 3 |  4- 6 || total
-------------------------+-------+-------++-------
Melee: Unarmed           |    85 |    27 ||   112
       Headbutt          |     7 |       ||     7
       Tailslap          |     3 |       ||     3
 Cast: Beastly Appendage |     9 |     1 ||    10
       Sticks to Snakes  |     9 |       ||     9
       Spider Form       |       |     2 ||     2
 Stab: Sleeping          |     2 |       ||     2
  Eat: Chunk             |     3 |       ||     3
       Ration            |       |     1 ||     1
Armor: Robe              |     5 |     3 ||     8
       Skin              |       |     2 ||     2
Dodge: Dodged            |    52 |    26 ||    78
